 Dungeon Crawl Stone Soup version 0.29.1-13-g9f3cf754e1 (webtiles) character file.

Game seed: 13059543923120386094

46363 zlionsfan the Carver (level 14, -4/124 HPs)
             Began as a Ghoul Artificer on Jan 21, 2023.
             Was the Champion of Cheibriados.
             Slain by a salamander
             ... wielding a +0 glaive
              (11 damage)
             ... on level 1 of the Snake Pit on Jan 22, 2023.
             The game lasted 01:07:37 (22897 turns).

zlionsfan the Carver (Ghoul Artificer)             Turns: 22897, Time: 01:07:38

Health: -4/124     AC: 25    Str: 37    XL:     14   Next: 37%
Magic:  0/16       EV: 11    Int: 21    God:    Cheibriados [******]
Gold:   1101       SH:  0    Dex: 29    Spells: 13/13 levels left

rFire   . . .      SeeInvis .   a - +9 scimitar "Jellybane" {venom, Str+3 Dex+3}
rCold   + + .      Faith    .   J - +0 buckler
rNeg    + + +      Spirit   +   e - +1 plate armour
rPois   ∞          Reflect  .   j - +0 helmet
rElec   .          Harm     .   i - +2 cloak
rCorr   +          Rampage  .   l - +2 pair of gloves
Will    +....                   u - +1 pair of boots
Stlth   ..........              y - amulet of guardian spirit
HPRegen 0.00/turn               I - ring of resist corrosion
MPRegen 0.15/turn               q - ring of protection from cold

@: confused, ambrosia-drunk, inhibited regen, very slow
A: claws 1, cold resistance 1, negative energy resistance 3, inhibited
regeneration, torment resistance 2, devour on kill
a: Renounce Religion, Bend Time, Temporal Distortion, Slouch, Step From Time


You were on level 1 of the Snake Pit.
You worshipped Cheibriados.
Cheibriados was exalted by your worship.
You visited 4 branches of the dungeon, and saw 19 of its levels.

You collected 1101 gold pieces.

Inventory:

Hand Weapons
 a - the +9 scimitar "Jellybane" (weapon) {venom, Str+3 Dex+3}
   (You acquired it on level 7 of the Dungeon)

   It poisons the flesh of those it strikes.
   Str:       It affects your strength (+3).
   Dex:       It affects your dexterity (+3).
 b - a +2 sling of venom
 c - a +8 scimitar of flaming
Missiles
 E - 6 javelins (quivered)
Armour
 e - a +1 plate armour (worn)
 i - a +2 cloak (worn)
 j - a +0 helmet (worn)
 l - a +2 pair of gloves (worn)
 u - a +1 pair of boots (worn)
 J - a +0 buckler (worn)
Jewellery
 q - a ring of protection from cold (right hand)
 y - an amulet of guardian spirit (around neck)
 I - a ring of resist corrosion (left hand)
Wands
 d - a wand of charming (5)
 w - a wand of flame (25)
 z - a wand of digging (8)
 C - a wand of polymorph (14)
 L - a wand of iceblast (7)
 M - a wand of mindburst (5)
Scrolls
 h - 15 scrolls of teleportation
 s - 4 scrolls of magic mapping
 x - 7 scrolls of vulnerability
 A - a scroll of silence
 B - 3 scrolls of immolation
 D - a scroll of brand weapon
 F - 2 scrolls of poison
Potions
 f - 5 potions of curing
 g - a potion of cancellation
 m - 2 potions of flight
 n - 2 potions of attraction
 o - a potion of resistance {unknown}
 p - 4 potions of brilliance
 r - 2 potions of magic
 v - 2 potions of might
 H - 9 potions of ambrosia
 K - 2 potions of invisibility
Miscellaneous
 k - a condenser vane


   Skills:
 * Level 11.1 Fighting
 * Level 13.3 Long Blades
 + Level 1.0 Ranged Weapons
 + Level 1.1 Throwing
 + Level 8.8 Armour
 + Level 3.2 Dodging
 + Level 3.8 Stealth
 + Level 3.9 Shields
 - Level 8.9 Unarmed Combat
 * Level 4.5 Invocations
 * Level 9.1 Evocations


You had 13 spell levels left.
You didn't know any spells.
Your spell library contained the following spells:

 Spells                   Type           Power      Damage    Failure   Level
 Foxfire                  Conj/Fire      0%         2x1d4     77%         1
 Call Canine Familiar     Summ           0%         N/A       98%         3
 Conjure Flame            Conj/Fire      0%         6-21      98%         3
 Gell's Gravitas          Tloc           0%         N/A       98%         3
 Ignite Poison            Fire/Tmut/Pois 0%         N/A       98%         3
 Inner Flame              Hex/Fire       0%         N/A       98%         3
 Lesser Beckoning         Tloc           0%         N/A       98%         3
 Ozocubu's Armour         Ice            0%         N/A       98%         3
 Portal Projectile        Hex/Tloc       0%         N/A       98%         3
 Teleport Other           Tloc           0%         N/A       98%         3
 Anguish                  Hex/Necr       0%         N/A       100%        4
 Flame Wave               Conj/Fire      0%         2d4       100%        4
 Leda's Liquefaction      Hex/Erth       0%         N/A       100%        4
 Sticky Flame             Conj/Fire      0%         2d3       100%        4
 Alistair's Intoxication  Tmut/Pois      0%         N/A       100%        5
 Borgnjor's Vile Clutch   Necr/Erth      0%         N/A       100%        5
 Eringya's Noxious Bog    Tmut/Pois      0%         N/A       100%        6
 Enfeeble                 Hex            0%         N/A       100%        7
 Ozocubu's Refrigeration  Ice            0%         4d7       100%        7


Dungeon Overview and Level Annotations

Branches:
Dungeon (11/15)            Temple (1/1) D:7            Lair (5/5) D:8
 Shoals (0/4) Lair:3        Snake (2/4) Lair:2        Slime (0/5) Lair:5
    Orc: D:9-12

Altars:
Ashenzari
Cheibriados
Dithmenos
Fedhas
Gozag
Hepliaklqana
Kikubaaqudgha
Makhleb
Nemelex Xobeh
Okawaru
Qazlal
Ru
Sif Muna
Trog
Uskayaw
Vehumet
Wu Jian
Xom
Yredelemnul

Annotations:
D:7 2 transporters, nachturnus's ghost, novice TrMo
Lair:5 1 runed translucent door


Innate Abilities, Weirdness & Mutations

You are immune to poison.
You have sharp fingernails.
Your flesh is cold resistant. (rC+)
You are immune to negative energy. (rN+++)
You do not regenerate when monsters are visible.
You are immune to unholy pain and torment.
You thrive by killing the living.


Message History

The salamander hits you from afar with a +0 glaive!
You are engulfed in flames!
The salamander hits you from afar with a +0 glaive.
You are engulfed in flames!
You block the salamander mystic's attack.
You hit the salamander mystic.
The salamander mystic is poisoned.
The salamander mystic is lightly wounded.
The salamander misses you.
The salamander mystic hits you but does no damage.
You slash the salamander mystic!
The salamander mystic looks as sick as possible!
The salamander mystic is lightly wounded.
You block the salamander's attack.
You slash the salamander mystic!
The salamander mystic looks as sick as possible!
The salamander mystic is moderately wounded.
The salamander hits you but does no damage.
You slice the salamander mystic!!
The salamander mystic is severely wounded.
The salamander mystic hits you with a +0 quarterstaff!
* * * LOW HITPOINT WARNING * * *
You are engulfed in flames!
* * * LOW HITPOINT WARNING * * *
Unknown command.
You feel much better.
The salamander hits you from afar with a +0 glaive!
* * * LOW HITPOINT WARNING * * *
You are engulfed in flames!
* * * LOW HITPOINT WARNING * * *
You block the naga's attack. The naga closely misses you.
The salamander mystic hits you with a +0 quarterstaff.
* * * LOW HITPOINT WARNING * * *
You are engulfed in flames!
* * * LOW HITPOINT WARNING * * *
Okay, then.
Okay, then.
You are confused.
You feel invigorated.
The salamander hits you from afar with a +0 glaive!
You die...

#........#.#####
....#....#.#
...........# #?
........[## #. #
##.......#####. ...
#.# ####..)........
##. ....##
#........### ..
.....###N..........
.# #..NN@.#........
#...##..........
#....###.#....##
#.......^..##....
###........# .#..
#........# .
##......## .....#..
.....##..


You could see a salamander mystic (extremely poisoned), a salamander (very
poisoned) and a naga.

Vanquished Creatures
  An ice dragon (Lair:3)
  A hydra (Lair:4)
  3 catoblepae
  2 anacondas (Snake:1)
  Erica (D:10)
  6 death yaks
  Nergalle (Lair:2)
  A salamander mystic (Snake:1)
  2 lindwurms (Lair:5)
  A mana viper (Snake:1)
  4 salamanders (Snake:1)
  3 manticores
  An ice statue (Lair:3)
  2 merfolk sirens (Lair:3)
  6 black mambas
  7 cane toads
  6 torpor snails
  An anaconda simulacrum (Lair:3)
  7 komodo dragons
  6 rime drakes (Lair:3)
  A queen bee (Lair:1)
  3 tyrant leeches (Lair:5)
  7 hornets (Lair:5)
  11 polar bears
  6 blink frogs
  3 slime creatures (D:10)
  3 dream sheep (Lair:5)
  2 raiju (Lair:5)
  A shadow (D:8)
  5 wyverns
  11 yaks
  3 basilisks
  A human (D:7)
  A steam dragon (D:9)
  3 vampire mosquitoes (D:10)
  4 wargs (Lair:5)
  11 water moccasins
  5 nagas
  15 hell hounds (Lair:5)
  13 black bears
  3 sky beasts
  6 orc warriors
  An ice beast (D:6)
  21 wolves
  An ogre (D:6)
  3 phantoms
  A kobold brigand (D:9)
  8 bullfrogs
  A scorpion (D:4)
  A necrophage (D:5)
  A gnoll sergeant (D:9)
  A two-headed ogre simulacrum (Lair:3)
  5 wights (D:10)
  42 killer bees
  2 electric eels
  5 howler monkeys
  A gnoll bouda (D:7)
  3 jellies
  10 orc priests
  3 hounds
  Terence (D:2)
  A human skeleton (D:7)
  3 iguanas
  5 hell rats (Lair:3)
  13 orc wizards
  A polar bear simulacrum (Lair:3)
  A wolf simulacrum (Lair:3)
  18 gnolls
  5 adders
  A shadow imp (D:8)
  3 white imps
  3 ufetubi
  2 worms
  2 dart slugs
  35 orcs
  4 bats
  9 endoplasms
  4 giant cockroaches
  17 goblins
  10 hobgoblins
  7 jackals
  13 kobolds
  3 quokkas
  9 ball pythons
  2 frilled lizards
  2 rats
464 creatures vanquished.

Vanquished Creatures (collateral kills)
  An orc priest (D:7)
  A gnoll (D:3)
  A goblin (D:2)
  A hobgoblin (D:2)
4 creatures vanquished.

Vanquished Creatures (others)
  A death yak (Lair:3)
  An orc wizard (D:10)
  Robin (D:2)
  5 gnolls
  An orc (D:5)
  2 bushes (Lair:2)
  17 fungi
  33 plants
61 creatures vanquished.

Grand Total: 529 creatures vanquished

Notes
Turn   | Place    | Note
-------+----------+-------------------------------------------
     0 | D:1      | zlionsfan the Ghoul Artificer began the quest for the Orb.
     0 | D:1      | Reached XP level 1. HP: 16/16 MP: 0/0
   256 | D:1      | Reached skill level 1 in Dodging
   341 | D:1      | Reached XP level 2. HP: 23/23 MP: 1/1
   717 | D:1      | Reached skill level 1 in Unarmed Combat
   732 | D:1      | Reached XP level 3. HP: 27/28 MP: 2/2
  1024 | D:1      | Found a faded altar of an unknown god.
  1375 | D:2      | Reached XP level 4. HP: 35/35 MP: 3/3
  1441 | D:2      | Noticed Robin
  1477 | D:2      | Your ally Robin died
  1764 | D:2      | Noticed Terence
  1765 | D:2      | Killed Terence
  2120 | D:3      | Reached XP level 5. HP: 40/40 MP: 4/4
  3399 | D:4      | Found a snail-covered altar of Cheibriados.
  3407 | D:4      | Became a worshipper of Cheibriados the Contemplative
  3427 | D:4      | Reached XP level 6. HP: 23/48 MP: 5/5
  3584 | D:4      | Found a stormy altar of Qazlal.
  3584 | D:4      | Found an ornate altar of the Wu Jian Council.
  3597 | D:4      | Found a burning altar of Makhleb.
  3600 | D:4      | Found a hide-covered altar of Uskayaw.
  4262 | D:4      | Reached XP level 7. HP: 55/55 MP: 6/6
  4481 | D:4      | Found a sacrificial altar of Ru.
  4481 | D:4      | Found an opulent altar of Gozag.
  4485 | D:4      | Found a bloodstained altar of Trog.
  4820 | D:5      | Entered Level 5 of the Dungeon
  4950 | D:5      | Reached * piety under Cheibriados
  5325 | D:5      | Reached skill level 5 in Unarmed Combat
  6469 | D:6      | Reached XP level 8. HP: 51/63 MP: 7/7
  7383 | D:6      | Reached ** piety under Cheibriados
  7538 | D:6      | Reached skill level 5 in Evocations
  8054 | D:7      | Found a transporter.
  8095 | D:7      | Noticed nachturnus's ghost (novice TrMo)
  8098 | D:7      | Noticed a shadow
  8102 | D:7      | Found a transporter.
  8130 | D:7      | Noticed a cyclops
  8133 | D:7      | Reached XP level 9. HP: 54/71 MP: 8/8
  8142 | D:7      | Reached skill level 1 in Throwing
  8234 | D:7      | Found a runed translucent door.
  8237 | D:7      | Found a basalt altar of Yredelemnul.
  8329 | D:7      | Found a staircase to the Ecumenical Temple.
  8332 | Temple   | Entered the Ecumenical Temple
  8814 | D:7      | Identified a scroll of acquirement
  8814 | D:7      | Acquired the +9 scimitar "Jellybane" {venom, Str+3 Dex+3}
  9292 | D:7      | Reached *** piety under Cheibriados
  9480 | D:8      | Reached skill level 1 in Long Blades
  9598 | D:8      | Found a staircase to the Lair.
  9663 | D:8      | Reached skill level 2 in Long Blades
  9715 | D:8      | Reached skill level 1 in Ranged Weapons
  9715 | D:8      | Reached skill level 5 in Armour
  9858 | D:8      | Reached skill level 3 in Long Blades
  9982 | D:8      | Found a hazy altar of Hepliaklqana.
 10068 | D:8      | Reached skill level 4 in Long Blades
 10068 | D:8      | Reached XP level 10. HP: 46/80 MP: 6/9
 10295 | D:8      | Found an ancient bone altar of Kikubaaqudgha.
 10303 | D:8      | Found a radiant altar of Vehumet.
 10331 | D:8      | Found a shimmering blue altar of Sif Muna.
 10675 | D:9      | Reached **** piety under Cheibriados
 10694 | D:9      | Reached skill level 5 in Fighting
 10829 | D:9      | Reached skill level 5 in Long Blades
 11625 | D:9      | Reached ***** piety under Cheibriados
 11798 | D:9      | Found a blossoming altar of Fedhas.
 12070 | D:10     | Entered Level 10 of the Dungeon
 12085 | D:10     | Reached skill level 6 in Long Blades
 12211 | D:10     | Noticed Erica
 12237 | D:10     | Killed Erica
 12669 | D:10     | Reached skill level 7 in Long Blades
 12911 | D:10     | Reached XP level 11. HP: 77/89 MP: 8/10
 13404 | Lair:1   | Entered Level 1 of the Lair of Beasts
 13691 | Lair:1   | Reached skill level 8 in Long Blades
 13889 | Lair:1   | Reached skill level 1 in Shields
 15144 | Lair:2   | Reached skill level 9 in Long Blades
 15284 | Lair:2   | Reached ****** piety under Cheibriados
 15508 | Lair:2   | Noticed a death yak
 15509 | Lair:2   | Noticed a death yak
 15514 | Lair:2   | Noticed a death yak
 15515 | Lair:2   | Noticed a death yak
 15518 | Lair:2   | Noticed a death yak
 15525 | Lair:2   | Killed a death yak
 15850 | Lair:2   | Reached XP level 12. HP: 101/101 MP: 11/11
 15890 | Lair:2   | Noticed Nergalle
 15896 | Lair:2   | Killed Nergalle
 15915 | Lair:2   | Noticed a catoblepas
 15923 | Lair:2   | Killed a catoblepas
 15924 | Lair:2   | Reached skill level 10 in Long Blades
 16144 | Lair:2   | Found a staircase to the Snake Pit.
 16164 | Lair:2   | Killed a death yak
 16171 | Lair:2   | Killed a death yak
 16175 | Lair:2   | Killed a death yak
 16182 | Lair:2   | Killed a death yak
 17172 | Lair:3   | Reached skill level 11 in Long Blades
 17384 | Lair:3   | You fall into a shaft and drop 2 floors!
 17384 | Lair:5   | Entered Level 5 of the Lair of Beasts
 17814 | Lair:3   | Found a staircase to the Shoals.
 17916 | Lair:3   | Noticed a death yak
 17916 | Lair:3   | Noticed an ice dragon
 17917 | Lair:3   | Noticed a death yak
 17932 | Lair:3   | Killed an ice dragon
 17937 | Lair:3   | Reached XP level 13. HP: 50/111 MP: 4/12
 18932 | Lair:3   | Identified the ring "Tozabazi" {rPois rF- Will+ Str+6
                  | Dex-4}
 19490 | Lair:4   | Reached skill level 1 in Invocations
 19506 | Lair:4   | Reached skill level 12 in Long Blades
 19979 | Lair:5   | Found a staircase to the Slime Pits.
 20375 | Lair:5   | Reached skill level 10 in Fighting
 21104 | Lair:5   | Found a runed translucent door.
 21105 | Lair:5   | Noticed a fire dragon
 21113 | Lair:5   | Reached XP level 14. HP: 111/122 MP: 12/15
 21215 | Lair:5   | Reached skill level 13 in Long Blades
 22051 | Snake:1  | Entered Level 1 of the Snake Pit
 22896 | Snake:1  | HP: 3/124 [salamander mystic/+0 quarterstaff (16)]
 22897 | Snake:1  | Slain by a salamander

Illustrated notes

Levels and vault maps discovered:
D:1:      lightli_arrival_statuegarden, layout_rooms,
          dreamdust_ecumenical_altar_hidden_monk_grotto
D:2:      layout_basic, uniq_robin, uniq_terence
D:3:      kennysheep_the_goblin_king, layout_loops_ring,
          nicolae_overflow_crystal_walls, serial_co_window_serial,
          co_window_paths_a, co_window_corner_a, co_window_corner_a,
          co_window_paths_b, co_window_paths_a, co_window_paths_a,
          co_window_corner_ca, co_window_broadway_a, co_window_broadway_a,
          co_window_2corner, co_window_of_opportunity_b, co_window_paths_d,
          glass_columns_a, glass_columns_a, glass_columns_a, glass_columns_a,
          glass_columns_a
D:4:      layout_layer_cave, minmay_overflow_temple_star_hex, minitemple
D:5:      layout_loops_corners
D:6:      layout_layer_cave
D:7:      layout_rooms, dk_yredelemnul_ordeal,
          mainiacjoe_overflow_concentric_impassable, minmay_temple_entry_tees,
          nzn_ghost_randoct
D:8:      layout_loops_ring, palyth_temple_overflow_mages,
          mainiacjoe_overflow_brackets, lair_entry_dummy
D:9:      layout_grid_maze, kennysheep_mini
D:10:     layout_loops_ring, uniq_erica
D:11:     layout_irregular_city, serial_shops, shop, serial_rivers,
          chequers_serial_rivers_small_3, chequers_serial_rivers_micro_b,
          chequers_serial_rivers_micro_a, chequers_serial_rivers_micro_c
Temple:   hellmonk_temple_flake
Lair:1:   layout_cave_pods, special_room [special_room_bee]
Lair:2:   layout_chaotic_city, minmay_snake_entry_guardpost_small,
          serial_rivers, chequers_serial_rivers_room_b,
          chequers_serial_rivers_room_a, chequers_serial_rivers_small_a,
          chequers_serial_rivers_large_a, chequers_serial_rivers_small_3,
          chequers_serial_rivers_room_a, uniq_nergalle
Lair:3:   dreamdust_isle_of_ice, layout_loops_ring, elwin_shoals_entry_rooms,
          serial_bayou_shore_b, infiniplex_staircase_pool_2, grunt_megastairs_1
Lair:4:   nzn_motion_control, layout_regular_city
Lair:5:   hangedman_lair_caniforms_friends, layout_hall_layers, wormcave,
          slime_entry_1, infiniplex_staircase_pool
Snake:1:  layout_misc_corridors
Snake:2:  layout_gridlike, grunt_ministairs_12

Skill      XL: |  1  2  3  4  5  6  7  8  9 10 11 12 13 14 |
---------------+-------------------------------------------+-----
Evocations     | 3 4 5 6 7 8 9 |  9.1
Dodging        | 1 2 3 |  3.2
Unarmed Combat | 1 2 3 4 6 8 |  8.9
Armour         | 2 3 5 6 7 8 |  8.8
Fighting       | 2 3 4 6 7 9 10 11 | 11.1
Stealth        | 2 3 |  3.8
Throwing       | 1 |  1.1
Long Blades    | 4 7 9 11 12 13 | 13.3
Ranged Weapons | 1 |  1.0
Shields        | 1 2 3 |  3.9
Invocations    | 3 4 |  4.5

Action                   |  1- 3 |  4- 6 |  7- 9 | 10-12 | 13-15 || total
-------------------------+-------+-------+-------+-------+-------++-------
Melee: Unarmed           |   111 |   241 |   291 |       |       ||   643
       Club              |     3 |       |       |       |       ||     3
       Punch             |       |     4 |    12 |     5 |       ||    21
       Scimitar          |       |       |    78 |   500 |   470 ||  1048
 Fire: Sling             |       |    14 |     8 |       |     4 ||    26
Throw: Javelin           |       |     2 |    15 |     1 |       ||    18
Invok: Bend Time         |       |       |     1 |     1 |       ||     2
       Slouch            |       |       |       |       |     1 ||     1
Evoke: Wand              |    18 |     6 |     9 |     2 |       ||    35
  Use: Scroll            |       |     6 |    10 |    18 |     9 ||    43
       Potion            |       |       |     4 |     7 |     3 ||    14
 Stab: Sleeping          |     1 |     3 |       |       |       ||     4
       Distracted        |     1 |       |       |       |       ||     1
       Petrified         |       |       |       |       |     5 ||     5
Armor: Leather armour    |    35 |    19 |       |       |       ||    54
       Ring mail         |       |    67 |    71 |       |       ||   138
       Skin              |       |     2 |       |       |       ||     2
       Plate armour      |       |       |   125 |   266 |   272 ||   663
Dodge: Dodged            |    51 |   105 |   143 |   237 |   248 ||   784
Block: Buckler           |       |       |       |   123 |   171 ||   294
